cohdb
Replays
Latest Replays
All Replays
Popular Replays
Top Player Replays
Match Explorer
How It Works
Community
CoH3 Stats
Reddit
Sign in to upload your games and track your stats! →
Sign in with Steam
Match 43756439
Unlisted
Match 43756439
Overview
Messages
Build Orders
End
Kradschützen Motorcycle Team
Panzergrenadier Squad
Panzerpioneer Squad
Selects Battlefield Espionage Battlegroup
Panzergrenadier Squad
Construct Light Support Kompanie
2.5-tonne Medical Truck
Selects Intel Disruption Beacon
Fire Support Elements
Flakvierling Half-track
le.IG 18 Mechanized Group
Combat Half-tracks
Pak 38 Anti-tank Gun Team
Selects 250/3 Funkpanzerwagen
Selects Transfer Depots
Veteran Squad Leaders
Vehicle Survival Package
Pak 38 Mechanized Group
Selects Anti-Tank Incendiary Munitions
桂妮薇尔
40 years old player 小水水
MähnGiL
Barbarossa
0
0
Comments
sign in to comment!
No comments posted yet!